 Dungeon Sprint DCSS version 0.23-a0-391-g8c51ad5 (webtiles) character file.

37 Dissent the Slasher (level 3, -1/29 HPs)
             Began as a Formicid Fighter on Oct 30, 2018.
             Slain by a sky beast (5 damage)
             ... in the Dungeon (Sprint IX: "|||||||||||||||||||||||||||||").
             The game lasted 00:00:51 (52 turns).

Dissent the Slasher (Formicid Fighter)                Turns: 52, Time: 00:00:51

Health: -1/29      AC: -1    Str: 26    XL:     3   Next: 62%
Magic:  3/3        EV:  8    Int:  7    God:
Gold:   0          SH: 10    Dex: 10    Spells: 2/2 levels left

rFire    . . .     SeeInvis +   a - +0 long sword
rCold    . . .     Gourm    .   c - +0 shield
rNeg     . . .     Faith    .   b - +0 scale mail
rPois    .         Spirit   .   (helmet unavailable)
rElec    .         Reflect  .   (no cloak)
rCorr    .         Harm     .   (no gloves)
MR       .....                  (no boots)
Stlth    ..........             (no amulet)
HPRegen  0.09/turn              (no ring)
MPRegen  0.08/turn              (no ring)

@: mighty, corroded
A: permanent stasis, dig shafts and tunnels, four strong arms, antennae 3
a: Dig


You were in the Dungeon.
You were not hungry.

You visited 1 branch

Inventory:

Hand Weapons
 a - a +0 long sword (weapon)
Armour
 b - a +0 scale mail (worn)
 c - a +0 shield (worn)
Potions
 f - a potion of curing {@q1}
 i - 2 potions of magic
Comestibles
 e - a ration {!d}
 h - a chunk of flesh


   Skills:
 - Level 3.2 Fighting
 + Level 6.8 Long Blades
 - Level 3.2 Armour
 - Level 3.6 Shields


You had 2 spell levels left.
You didn't know any spells.
Your spell library was empty.

Dungeon Overview and Level Annotations

Branches:
Dungeon (1/1)

Altars:


Innate Abilities, Weirdness & Mutations

You cannot be hasted, slowed, berserked, paralysed or teleported.
You can dig through walls and to a lower floor.
Your four strong arms can wield two-handed weapons with a shield.
You have a pair of large antennae on your head. (SInv)


Message History

No target in view!
You see here 4 stones.
There is an open door to the Dungeon here.
You see here a rat corpse.
You butcher the rat corpse.
h - a chunk of flesh
There is an open door to the Dungeon here.
You see here a rat skeleton.
You see here 4 stones.
You start resting.
You open the door.
An adder, a jelly, an ice beast, a sky beast and an ogre come into view.
The ogre shouts!
The adder hisses angrily.
The jelly hits you but does no damage.
You slash the jelly!
Your hands burn!
The jelly hits you but does no damage.
You hit the jelly.
Your hands burn!
The jelly barely misses you.
Unknown command.
You hit the jelly. The acid corrodes you!
Your hands burn!
The jelly hits you but does no damage.
Unknown command.
Unknown command.
You see here 4 stones.
There is an open door to the Dungeon here.
You see here a rat skeleton.
You see here a stone.
There is a staircase leading out of the dungeon here.
Things that are here:
a scroll of blinking; a potion of berserk rage; a potion of haste {@q3} You hit the jelly.
The acid corrodes you!
Your hands burn!
* * * LOW HITPOINT WARNING * * *
You block the jelly's attack. x2
You hit the jelly.
You kill the jelly!
Your Long Blades skill gained 2 levels and is now at level 6!
You have reached level 2!
You have reached level 3!
Your experience leads to an increase in your attributes!
Increase (S)trength, (I)ntelligence, or (D)exterity?
Uppercase letters only, please.
You feel stronger.
You feel much better. The sky beast hits you. The sky beast shocks you.
You feel very mighty all of a sudden. The sky beast hits you.
* * * LOW HITPOINT WARNING * * *
The sky beast shocks you.
* * * LOW HITPOINT WARNING * * *
You slash the sky beast! The sky beast hits you.
* * * LOW HITPOINT WARNING * * *
The sky beast shocks you.
You die... ▓▓▓▓▓▓▓▓▓▓▓▓▓▓▓▓▓▓ +..O..'....(OYSY@▓ ▓▓▓▓▓▓▓▓▓▓▓▓▓▓▓▓▓▓ {{

You could see an ice beast, a sky beast, an ogre and an adder.

Vanquished Creatures
  A jelly (D)
  A leopard gecko (D)
  A goblin (D)
  A bat (D)
  A kobold (D)
  A rat (D)
6 creatures vanquished.

Notes
Turn   | Place    | Note
-------+----------+-------------------------------------------
     0 | D        | Dissent the Formicid Fighter began the quest for the Orb.
     0 | D        | Reached XP level 1. HP: 18/18 MP: 1/1
     7 | D        | Reached skill level 3 in Long Blades
    19 | D        | Reached skill level 4 in Long Blades
    35 | D        | Noticed an ogre
    35 | D        | Noticed an ice beast
    35 | D        | Noticed a sky beast
    35 | D        | Noticed a jelly
    49 | D        | Killed a jelly
    49 | D        | Reached skill level 6 in Long Blades
    49 | D        | Reached XP level 2. HP: 9/24 MP: 2/2
    49 | D        | Reached XP level 3. HP: 11/29 MP: 3/3
    52 | D        | Slain by a sky beast

Vault maps used:
D:        linesprint

Skill      XL: |  1 |
---------------+----+-----
Long Blades    | 6 |  6.8
Fighting       | |  3.2
Armour         | |  3.2
Shields        | |  3.6

Action                   || total
-------------------------++-------
Melee: Long sword        ||    15
  Use: Potion            ||     2
Armor: Scale mail        ||     8
Dodge: Dodged            ||     3
Block: Shield            ||     7
       Rpst.: Long sword ||     1

Table legend:
 A = Non-vault XP
 B = Vault XP
 C = Vault XP percentage of total XP
 D = Non-vault monster count
 E = Vault monster count
 F = Vault count percentage of total count
                 A         B        C        D         E       F
            +---------+---------+-------+---------+---------+-------
      Total |       0 |      54 | 100.0 |       0 |       6 | 100.0
            +---------+---------+-------+---------+---------+-------
          D |       0 |      54 | 100.0 |       0 |       6 | 100.0
            +---------+---------+-------+---------+---------+-------
